 Dungeon Crawl Stone Soup version 0.21-a0-135-g8dc100c (webtiles) character file.

96 Banto the Charmwright (level 4, 0/33 HPs)
             Began as a Demonspawn Skald on July 18, 2017.
             Was a Believer of Lugonu.
             Slain by a gnoll
             ... wielding a +0 halberd
              (11 damage)
             ... on level 2 of the Dungeon.
             The game lasted 00:03:37 (2740 turns).

Banto the Charmwright (Demonspawn Skald)            Turns: 2740, Time: 00:03:38

Health: 0/33       AC:  3    Str: 12    XL:     4   Next: 41%
Magic:  7/7        EV: 11    Int: 15    God:    Lugonu [**....]
Gold:   108        SH:  0    Dex: 12    Spells: 1/7 levels left

rFire    . . .     SeeInvis .   a - +1 short sword
rCold    . . .     Gourm    .   (no shield)
rNeg     . . .     Faith    .   b - +0 leather armour
rPois    .         Spirit   .   (helmet restricted)
rElec    .         Reflect  .   (no cloak)
rCorr    .         Harm     .   (no gloves)
MR       .....                  (no boots)
Stlth    +.........             (no amulet)
HPRegen  0.11/turn              (no ring)
MPRegen  0.10/turn              (no ring)

@: infused
A: antennae 1, powered by pain 2
a: Depart the Abyss, Bend Space, Renounce Religion


You were on level 2 of the Dungeon.
You worshipped Lugonu.
Lugonu was pleased with you.
You were not hungry.

You visited 1 branch of the dungeon, and saw 2 of its levels.

You collected 108 gold pieces.

Inventory:

Hand Weapons
 a - a +1 short sword (weapon)
Armour
 b - a +0 leather armour (worn)
Scrolls
 e - a scroll of enchant weapon
 i - a scroll of teleportation
Potions
 f - a potion of might
 j - a potion of flight
Comestibles
 c - a meat ration
 d - 2 bread rations
 g - a chunk of flesh


   Skills:
 - Level 2.0 Fighting
 + Level 3.2 Short Blades
 - Level 0.8 Armour
 - Level 1.7 Dodging
 - Level 2.0 Spellcasting
 + Level 3.9 Charms


You had one spell level left.
You knew the following spells:

 Your Spells              Type           Power        Failure   Level  Hunger
a - Infusion              Chrm           ##..         5%          1    #......
b - Song of Slaying       Chrm           ##......     9%          2    ###....
c - Regeneration          Chrm/Necr      #.........   36%         3    ###....


Dungeon Overview and Level Annotations

Branches:
Dungeon (2/15)

Altars:
Zin
Lugonu


Innate Abilities, Weirdness & Mutations

You have a pair of small antennae on your head.
You sometimes gain power by taking damage.


Message History

You hit the gnoll.
The gnoll is moderately wounded.
The gnoll hits you with a whip.
You take 3 damage, and have 26/33 hp.
You now have 5/7 mp.
You hit the gnoll.
The gnoll is severely wounded.
The gnoll barely misses you.
You now have 4/7 mp.
You hit the gnoll.
You kill the gnoll!
Lugonu accepts your kill.
The gnoll hits you from afar with a halberd!
You focus on the pain.
You feel your power returning.
A hobgoblin comes into view. It is wielding a club.
You take 15 damage, and have 11/33 hp.
MASSIVE DAMAGE!!
MP restored: 7 You are too injured to fight recklessly!
The hobgoblin shouts!
The gnoll hits you from afar with a halberd!
You die...

..# #...##.##....###.#
.## #..###....#.## #.#
.####...........#
#.###########
......#######.###
#...........# .####.#
##### ###########.# .#
#.# #.... ..# ##.## ##
#.# #.%..####.%.#
##...# #.#
#.%...).g%g.# ##.#.#.
#.#
#..###@###%.#####.##.##
#.# ### ##......[.. #.#
#.##.##.## #.#
#.###.#.#. #.# #.#
##...# #.# #.# ##.##
#.# #.#####.# #.######{
### ###.......#
#####......####.#
#.#.#######


You could see a gnoll and a hobgoblin.

Vanquished Creatures
  2 gnolls
  2 adders (D:2)
  3 oozes
  A worm (D:2)
  2 giant cockroaches
  8 goblins
  4 hobgoblins
  2 jackals (D:1)
  A quokka (D:2)
  A ball python (D:1)
  10 bats
  2 kobolds
  7 rats
45 creatures vanquished.

Notes
Turn   | Place    | Note
-------+----------+-------------------------------------------
     0 | D:1      | Banto the Demonspawn Skald began the quest for the Orb.
     0 | D:1      | Reached XP level 1. HP: 16/16 MP: 3/3
   267 | D:1      | Gained mutation: You sometimes gain a little power by taking damage. [demonic ancestry]
   267 | D:1      | Reached XP level 2. HP: 19/22 MP: 1/5
   722 | D:1      | Gained mutation: You have a pair of small antennae on your head. [demonic ancestry]
   722 | D:1      | Reached XP level 3. HP: 21/27 MP: 6/6
   734 | D:1      | Learned a level 2 spell: Song of Slaying
   738 | D:1      | Learned a level 3 spell: Regeneration
  1059 | D:1      | HP: 1/27 [gnoll/club (3)]
  1446 | D:2      | HP: 1/27 [poisoned by an adder]
  1741 | D:2      | Found a faded altar of an unknown god.
  1752 | D:2      | Became a worshipper of Lugonu the Unformed
  1752 | D:2      | Reached * piety under Lugonu
  1752 | D:2      | Reached ** piety under Lugonu
  2040 | D:2      | Found a glowing silver altar of Zin.
  2491 | D:1      | Gained mutation: You sometimes gain power by taking damage. [demonic ancestry]
  2491 | D:1      | Reached XP level 4. HP: 24/33 MP: 3/7
  2740 | D:2      | Slain by a gnoll

Vault maps used:
D:1:      dpeg_arrival_subterranean_lakeside_camping
D:2:      nicolae_overflow_hidden_temple,
          chequers_ecumenical_altar_simple_redux, minmay_misc_feat_tower,
          bh_chokoban

Skill      XL: |  1  2  3 |
---------------+----------+-----
Short Blades   | 2 3 |  3.2
Charms         | 3 |  3.9
Fighting       | |  2.0
Armour         | |  0.8
Dodging        | |  1.7
Spellcasting   | |  2.0

Action                   |  1- 3 |  4- 6 || total
-------------------------+-------+-------++-------
Melee: Short sword       |   138 |    14 ||   152
       Hand axe          |    17 |       ||    17
 Cast: Infusion          |    12 |     3 ||    15
  Use: Scroll            |     3 |       ||     3
       Potion            |     2 |       ||     2
 Stab: Sleeping          |     1 |       ||     1
  Eat: Chunk             |     5 |     1 ||     6
Armor: Leather armour    |    49 |     1 ||    50
Dodge: Dodged            |   105 |    11 ||   116

Table legend:
 A = Turns spent in this place as a percentage of turns spent in the entire game.
 B = Non-inter-level travel turns spent in this place as a percentage of non-inter-level travel turns spent in the entire game.
 C = Inter-level travel turns spent in this place as a percentage of turns spent in this place.
 D = Turns resting spent in this place as a percentage of non-inter-level travel turns spent in this place.
 E = Turns spent auto-exploring this place as a percentage of non-inter-level travel turns spent in this place.
 F = Non-inter-level travel turns spent in this place divided by the number of levels of this place that you've seen.
                   A       B       C       D       E      F
               +-------+-------+-------+-------+-------+----------------------
         Total | 100.0 | 100.0 |   0.5 |   6.1 |   8.5 | 386.0
       Dungeon | 100.0 | 100.0 |   0.5 |   6.1 |   8.5 | 386.0
               +-------+-------+-------+-------+-------+----------------------

Table legend:
 A = Kills in this place as a percentage of kills in entire the game.
 B = Kills by you in this place as a percentage of kills by you in the entire game.
 C = Kills by friends in this place as a percentage of kills by friends in the entire game.
 D = Other kills in this place as a percentage of other kills in the entire game.
 E = Experience gained in this place as a percentage of experience gained in the entire game.
 F = Experience gained in this place divided by the number of levels of this place that you have seen.
                   A       B       C       D       E      F
               +-------+-------+-------+-------+-------+----------------------
         Total | 100.0 | 100.0 |  -nan |  -nan | 100.0 |  69.0
       Dungeon | 100.0 | 100.0 |  -nan |  -nan | 100.0 |  69.0
               +-------+-------+-------+-------+-------+----------------------
